Match 45273681
Unlisted

Match 45273681
End
Pioneer Squad
Construct Infanterie Kompanie
Selects Terror Battlegroup
Selects Machine Gun Camouflage
MG 42 Machine Gun Team
GrW 34 Mortar Team
Grenadier Squad
Medical Station
Construct Luftwaffe Kompanie
Jäger Squad
Support Elements
Selects Defend the Fatherland
Flak 30 Anti-aircraft Gun Team
[PD]Lurgi
[PD] DerSchonWieder
Murkelchen
[EL] Brother Captain Specmarine
.
jimmy82lao
0
0

Comments sign in to comment!

No comments posted yet!